[Event "Tata Steel Chess India Rapid 2022"]
[Site "Kalkata"]
[Date "2022.11.30"]
[Round "4"]
[White "Nakamura, Hikaru"]
[Black "Mamedyarov, Shakhriyar"]
[Result "1-0"]
[WhiteElo "2768"]
[BlackElo "2741"]
[ECO "A30"]
[EventDate "2022.??.??"]
[Annotator "rafael"]
[PlyCount "93"]
[Beauty "7218497858057"]
[EventType "rapid"]
[EventCountry "IND"]
[TimeControl "1500+10"]

1.Nf3 Nf6 2.e3 g6 3.b3 {Nakamura is very familiar with this development scheme from his online rapid and blitz games. It doesn't look scary, but the American genius gets an impressive amount of wins out of it.} 3...Bg7 4.Bb2 c5 5.c4 O-O 6.Be2 b6 7.O-O Bb7 8.Qc2 {8.d4 and 8.Nc3 are more popular choices.} ( 8.d4 ) ( 8.Nc3 ) 8...Nc6 9.Rd1 {I only found one game with this move. The vast majority prefer 9.a3, avoiding the knight jump to b4—the computer, however, criticizes this move. Another possibility is 9.d4, but Black can achieve equality esily.} ( 9.a3 d5 {Black is fine.} ) ( 9.d4 cxd4 10.Nxd4 Rc8 {with equal play.} ) 9...d5 10.cxd5 {After this move, Black has a good and easy position to play.} ( 10.d4 {offers more chances of an advantage, but after} 10...cxd4 11.Nxd4 Qc8 {Black doesn't have problems.} ) 10...Nb4 ( 10...Qxd5 {is also good. After} 11.Nc3 Qf5 $5 12.Qxf5 gxf5 {Black has nothing to fear.} ) 11.Qc1 Qxd5 {This natural move is the first new one.} ( 11...Rc8 12.Nc3 Nbxd5 {was Gronn - Tjoelsen, Oslo 2011.} ) 12.Nc3 Qf5 13.d4 Rac8 14.dxc5 Bxf3 {I don't like this decision. The immediate capture of the c5-pawn is better, either with the queen or the rook. The position is equal in both cases.} ( 14...Rxc5 15.Qd2 ) ( 14...Qxc5 15.Qd2 ) 15.Bxf3 Nd3 16.e4 $1 {[%c_effect e4;square;e4;type;GreatFind;persistent;true] Maybe Mamedyarov missed this move, although I'm not sure he did. Now we go for an endgame that is still equal but not as comfortable as the position he had before.} ( 16.Qc2 $6 Nxb2 17.Qxb2 Qxc5 {The position is very comfortable for Black.} ) 16...Qxf3 {The only move.} 17.gxf3 Nxc1 18.Raxc1 Rxc5 $6 {[%c_effect c5;square;c5;type;Inaccuracy;persistent;true] After this, White has the advantage.} ( 18...Bh6 $1 {[%c_effect h6;square;h6;type;GreatFind;persistent;true] This subtle intermediate move is the best. Now White must concede the c-file since 19.Rc2 leads to an unpleasant pin.} 19.Rb1 ( 19.Rc2 $6 Rxc5 ) 19...Rxc5 20.Rd3 {and the game would probably end in a draw.} ) 19.Ba3 $1 {[%c_effect a3;square;a3;type;GreatFind;persistent;true] This is the problem. Now White gets the c-file.} 19...Rg5+ 20.Kf1 ( 20.Kh1 {Can also be considered. Of course, it's better to go toward the center, but the king might have to defend the h2-pawn.} ) 20...Re8 21.Rc2 {The point of this move is to defend the a2-pawn and prepare to maneuver the knight.} ( 21.Ne2 $2 Ra5 $1 ) 21...Rh5 22.Kg1 Bf8 ( 22...Rg5+ 23.Kh1 ) 23.Ne2 $1 Ra5 24.Bb4 ( 24.Bc1 $1 {[%c_effect c1;square;c1;type;GreatFind;persistent;true] is more accurate, taking the g5-square away from the rook. This is similar to what we will see later in the game.} ) 24...Rb5 ( 24...Rg5+ $1 25.Kf1 e6 {This gives Black a good chance of surviving.} ) 25.Bd2 $1 {[%c_effect d2;square;d2;type;GreatFind;persistent;true] Now Black is doomed to defend passively.} 25...Rc5 {A compromising move, but Mamedyarov creates a weakness to close the c-file.} ( 25...e6 26.Be3 $1 {[%c_effect e3;square;e3;type;GreatFind;persistent;true] An important move, avoiding 26...Rc5.} ) 26.Rxc5 bxc5 27.Bc3 ( 27.Be3 $1 {[%c_effect e3;square;e3;type;GreatFind;persistent;true] This is the machine's favorite move.} 27...e6 28.Nc3 {The plan is to play e5 and then put the knight on e4 and invade on the d-file. Black will hardly survive.} ) 27...Rc8 28.e5 Ne8 29.Rd7 a6 30.Ra7 Rc6 $2 {[%c_effect c6;square;c6;type;Mistake;persistent;true] After this mistake, it's very difficult to defend the endgame. Black needs to seek salvation by activating his pieces, even if it costs a pawn. 30...Nc7 or 30...c4 are better choices.} ( 30...Nc7 {Now if White goes after the a6-pawn with} 31.Ba5 {Black gets drawing chances after:} 31...Nd5 32.Rxa6 Bg7 33.f4 Bh6 $1 ) ( 30...c4 {is also interesting:} 31.bxc4 ( 31.Rxa6 cxb3 32.axb3 Rb8 33.Nd4 Nc7 ) ( 31.b4 Nc7 ) 31...Rxc4 32.Ra8 Ng7 33.Rxa6 Nf5 {with good activity and drawing chances.} ) 31.Ra8 $1 Ng7 ( 31...Nc7 $2 32.Rc8 ) 32.Nf4 e6 33.Ng2 $1 {[%c_effect g2;square;g2;type;GreatFind;persistent;true] A very nice move, preparing to go with the knight to c4 or g4.} 33...Nf5 34.Ne3 Nxe3 {Black decides to exchange knights, but now he has no counterplay, and White can start bringing the king to the game.} 35.fxe3 Kg7 36.Kf2 c4 {Otherwise, White will place the king on c4.} 37.b4 {Now White can create a passed pawn with a4-b5 at the right moment.} 37...Be7 38.Ke2 h5 39.Rb8 g5 40.h3 Kg6 41.a4 Rc7 42.Rb6 ( 42.b5 {is also good enough.} 42...axb5 43.axb5 Rd7 44.b6 {The b-pawn decides the game.} ) 42...Rd7 43.Rc6 Kf5 44.Rxc4 Rb7 45.Kd3 Bf8 46.a5 Be7 47.Kc2 {White wants to play 48.Kb3 and then attack the a6-pawn with 49.Rc6.} 1-0

[Event "E Women's Candidates Tournament"]
[Site "Monaco"]
[Date "2022.11.02"]
[Round "2"]
[White "Muzychuk, Anna"]
[Black "Lei, Tingjie"]
[Result "1/2-1/2"]
[WhiteElo "2534"]
[BlackElo "2535"]
[ECO "B24"]
[EventDate "2022.??.??"]
[Annotator "rafael"]
[PlyCount "91"]
[Beauty "5841692393480"]
[EventType "game"]
[EventCountry "FID"]
[TimeControl "5400+30"]

1.e4 c5 2.Nf3 e6 3.g3 {These Sicilian sidelines are particularly interesting when Black plays 2...e6. Against 2...d6 or 2...Nc6 it's not as effective, since Black can set up the structure with d6-e5 and achieve equality without any problems.} 3...Nc6 4.Bg2 Nf6 5.Nc3 d5 $1 6.exd5 exd5 7.d4 {This position has been discussed in recent games.} 7...cxd4 ( 7...Bg4 {is also possible.} 8.h3 $5 ( 8.O-O {This has been played in some games, but it poses no danger to Black.} 8...Nxd4 9.Qe1+ Be7 10.Nxd4 cxd4 11.Ne2 {And here Black has a few options to get a good game.} 11...d3 $5 ( 11...Qb6 ) ( 11...Bxe2 12.Qxe2 O-O ) 12.cxd3 O-O ) 8...cxd4 $1 ( 8...Bxf3 $6 9.Qxf3 Nxd4 10.Qd3 {White will play 11.Be3 and regain the pawn, with an advantage.} ) 9.hxg4 dxc3 10.bxc3 {with an unclear position.} ) 8.Nxd4 Bg4 $1 9.Qd3 {This is probably not the best move. GM So tried both 9.Nde2 and 9.f3 in recent games.} ( 9.Nde2 ) ( 9.f3 ) 9...Bc5 10.Nb3 {A rare move. The alternatives also fail to give White an advantage.} ( 10.Be3 Qb6 ( 10...Bxd4 11.Bxd4 Qe7+ {is also good.} ) 11.Nxc6 Bxe3 12.Qxe3+ Qxe3+ 13.fxe3 bxc6 {with an equal endgame.} ) ( 10.Nxc6 bxc6 11.O-O O-O 12.Na4 Bd6 {The position is equal after 13.Be3 or 13.c4.} ) ( 10.Qe3+ Ne7 11.O-O O-O 12.Qd3 Bxd4 $1 13.Qxd4 Nc6 {Followed by d5-d4 with a good position for Black.} ) 10...Qe7+ 11.Be3 ( 11.Kf1 {was tried in Safarli - Vega Gutierrez, Minsk 2017. It's clear that White cannot realistically think of an advantage in this position with the king on f1 and a good development for Black.} ) 11...Bxe3 12.Qxe3 Qxe3+ 13.fxe3 O-O-O 14.h3 Bf5 ( 14...Bh5 {is also possible and was played in a game that later transposed to our main game.} ) 15.O-O-O Rhe8 16.g4 Bg6 17.g5 {The first new move.} ( 17.Rhe1 Re5 {was later drawn in Mustonen - Kochyev, Jyvaskyla 2004.} ) 17...Ne4 18.Bxe4 Bxe4 19.Rhf1 Bg6 $1 {An accurate move.} ( 19...Re7 $6 20.Nxe4 dxe4 21.Rxd8+ Kxd8 22.h4 {with a slight advantage for White.} ) ( 19...Ne5 $2 {is even worse, since Black loses a pawn after} 20.Nxe4 dxe4 21.Rxd8+ Kxd8 22.Rf4 ) 20.Nxd5 Re5 $1 {Now we enter a forced drawing variation.} 21.Nf4 Rxd1+ 22.Kxd1 Rxg5 23.Nxg6 fxg6 24.Rf7 ( 24.Rf8+ {is also possible, but the move played is more logical, cutting the black king on the last rank.} ) 24...Rg1+ ( 24...Rh5 25.Nd4 {is also a likely draw.} ) 25.Kd2 Rg2+ 26.Kd1 ( 26.Kc3 {also leads to a draw.} 26...Rg3 27.Kd2 Ne5 28.Rxg7 Rxh3 29.Nc5 Nc4+ 30.Kc3 Nxe3 31.Rxb7 $1 {and here the computer indicates several drawing variations.} ) 26...Ne5 27.Rxg7 Nc4 28.Rxh7 Nxe3+ ( 28...Nxb2+ {gives more chances for Black, although the final result is never really in doubt.} 29.Ke1 $5 ( 29.Kc1 Nc4 30.Kb1 Rg1+ 31.Nc1 Nxe3 32.h4 {Should also be enough.} ) 29...Rxc2 ( 29...Nc4 30.Nc5 b6 31.Ne6 Nxe3 32.Rxa7 ) 30.Rg7 ) 29.Kc1 Rxc2+ 30.Kb1 Rg2 31.Rh4 Rh2 32.Kc1 g5 33.Rh5 Rc2+ 34.Kb1 Rg2 35.Kc1 Nc4 36.h4 Nxb2 ( 36...gxh4 {sets a small trap.} 37.Rh8+ $1 ( 37.Rc5+ $2 Kb8 38.Rxc4 h3 39.Rh4 h2 {and Black wins.} ) ( 37.Rxh4 Nxb2 {Of course this should also be a draw.} ) 37...Kc7 38.Rh7+ Kb6 39.Rh6+ ) 37.hxg5 ( 37.Rxg5 Rh2 38.h5 Nd3+ 39.Kb1 ) 37...Nd3+ 38.Kb1 Nf4 39.Rh4 Ne6 40.Rc4+ Kd7 41.Nc5+ Nxc5 42.Rxc5 Kd6 43.Rf5 a6 44.Rf7 Rxg5 45.Rxb7 Rb5+ 46.Rxb5 1/2-1/2

[Event "Campeonato Mundial de Xadrez Rápido da E 2022"]
[Site "Chess.com"]
[Date "2022.12.27"]
[Round "9"]
[White "Erigaisi, Arjun"]
[Black "Vachier Lagrave, Maxime"]
[Result "1-0"]
[WhiteElo "2722"]
[BlackElo "2737"]
[ECO "A45"]
[EventDate "2022.??.??"]
[Annotator "rafael"]
[PlyCount "123"]
[Beauty "6258841121826"]
[EventType "game"]
[EventCountry "FID"]
[TimeControl "900+10"]

1.d4 Nf6 2.Bf4 $5 {[%c_effect f4;square;f4;type;Interesting;persistent;true] A poisonous version of the London System, often used by Erigaisi.} 2...g6 3.Nc3 {In the traditional London System this move is unthinkable, since it's the pawn that occupies this square. But they don't make London players like they used to—this variation was once the choice of those who wanted a solid position to make a draw, and nowadays it's used by people who like to play for mate.} 3...d5 {A principled move.} ( 3...Bg7 4.e4 d6 {And we have a transposition for the Pirc Defense. The impression is that this is much better for White than he can get against 3...d5.} ) 4.e3 Bg7 5.h4 ( 5.Nb5 {Many play this move to displace the black knight. I must admit that I never understood this move very well. After all, the white knight is not looking great either. But dozens of super-GMs can't be wrong.} 5...Na6 ) 5...h5 {Stopping the advance of the h-pawn.} ( 5...O-O $6 6.h5 Nxh5 $2 7.Rxh5 $1 gxh5 8.Qxh5 {This position is basically a white player's dream when he chooses this line. A deadly attack for a cheap price.} ) 6.Nf3 Bg4 $6 {[%c_effect g4;square;g4;type;Inaccuracy;persistent;true] I'm not a big fan of this move, as the bishop isn't particularly well placed here and the f3 exchange can help White's attack by opening up the g-file.} ( 6...O-O {This is the main move and has already been attempted against Erigaisi.} 7.Qd2 c5 8.Ne5 Nc6 9.f3 cxd4 10.exd4 Bf5 11.Bb5 Nxe5 12.dxe5 Nd7 13.O-O-O Nxe5 14.Rhe1 {The Indian GM has had this position on his board twice in 2022, winning both games.} 14...d4 ( 14...Nc6 15.Bh6 Bxh6 $6 16.Qxh6 e6 17.g4 $1 {[%c_effect g4;square;g4;type;GreatFind;persistent;true] With a strong attack in Erigaisi-Paravyan, Chess.com (rapid) 2022.} ) 15.Bxe5 Bxe5 16.Rxe5 dxc3 17.Qxc3 Qb6 18.Qd4 Rac8 19.c3 Qxd4 20.Rxd4 Rc7 {White has a tiny advantage. Erigaisi-Giri, Meltwater Final (rapid) 2022.} ) 7.Qd2 $1 {[%c_effect d2;square;d2;type;GreatFind;persistent;true] An unpleasant move, preparing to take the knight off f3.} 7...Bxf3 {Necessary, to avoid 8.Ne5 or 8.Ng5.} 8.gxf3 c6 9.O-O-O Nbd7 10.e4 {White's position is comfortable and easy to play. Black, on the other hand, has problems with his king, who has no safe haven.} 10...e6 11.Rg1 {A theoretical novelty that doesn't change the character of the game.} ( 11.Kb1 {is the known move. You are never far wrong when you play Kb1 after long castling.} ) 11...Nb6 12.Kb1 O-O {A brave move, but it's not easy to recommend a safe path for the black king, as he's not happy on the queenside either.} ( 12...Qe7 13.Bg5 ) 13.Bg5 Qc7 14.Bd3 ( 14.e5 $1 {[%c_effect e5;square;e5;type;GreatFind;persistent;true] is natural and good. White's plan is to stack pieces on the kingside, sacrifice, and mate.} 14...Nh7 ( 14...Nfd7 15.Bh6 ) 15.Bh6 {With a very strong attack.} ) 14...Nc4 15.Bxc4 dxc4 16.f4 $1 ( 16.e5 $2 {[%c_effect e5;square;e5;type;Mistake;persistent;true] Now this move is not good, as the black knight can jump to the d5-square, which has become available.} 16...Nd5 ) 16...Kh7 {It's necessary to take the king from the column.} 17.f3 ( 17.Qe2 $1 {[%c_effect e2;square;e2;type;GreatFind;persistent;true] is more incisive.} 17...b5 ( 17...Ng8 18.e5 ( 18.Qxc4 f6 19.f5 $1 {[%c_effect f5;square;f5;type;GreatFind;persistent;true] also gives White the advantage, according to the computer, but there is no need for drastic measures.} ) 18...b5 19.Ne4 {With the simple plan of putting the knight on g3 and sacrificing on h5 at some point.} ) 18.Bxf6 $1 Bxf6 19.e5 Be7 ( 19...Bxh4 {is suicide.} 20.Rh1 Be7 21.Rxh5+ Kg7 22.d5 $1 {[%c_effect d5;square;d5;type;GreatFind;persistent;true] And White breaks black's defense in style.} 22...cxd5 23.f5 $1 exf5 24.Nxd5 Qb7 25.e6 gxh5 26.Rg1+ Kh6 27.Nf4 {followed by mate.} ) 20.Ne4 {With a very strong attack. The following line illustrates the dangers.} 20...Rad8 21.Ng3 Kh6 22.f5 exf5 23.Nxf5+ gxf5 24.Qe3+ Kh7 25.Qf3 Kh6 26.Qf4+ Kh7 27.Qxf5+ Kh6 28.Rg5 Bxg5 29.Qxg5+ Kh7 30.Qxh5+ Kg7 31.Rg1# ) 17...b5 18.Qg2 Qd7 {A prophylactic move, minimizing the strength of the break at f5.} 19.Qh3 b4 ( 19...a5 {The computer is not afraid of White's threats and recommends advancing the pawn to a4.} 20.d5 cxd5 21.f5 $1 {[%c_effect f5;square;f5;type;GreatFind;persistent;true] The position is dangerous for Black, but the machine indicates the traditional equality.} ( 21.exd5 b4 $1 ) ) 20.Na4 $1 {[%c_effect a4;square;a4;type;GreatFind;persistent;true] That's the problem: the knight is now active.} 20...Ng8 $6 {[%c_effect g8;square;g8;type;Inaccuracy;persistent;true] Vachier-Lagrave threatens to capture the white bishop with f7-f6. The problem is that this threat is not that strong.} ( 20...Qc7 ) ( 20...c3 ) 21.Nc5 Qc8 22.e5 $6 ( 22.Qf1 $1 c3 ( 22...f6 $6 {[%c_effect f6;square;f6;type;Inaccuracy;persistent;true] The detail is that this move leads to defeat.} 23.f5 $1 exf5 ( 23...fxg5 24.Nxe6 ) 24.Bf4 {and Black's king is too weak.} ) 23.b3 a5 ( 23...f6 24.f5 $1 ) 24.a4 $1 bxa3 25.Ka2 {This subtle sequence kills Black's counterplay and guarantees a nice positional advantage.} ) 22...a5 ( 22...Nh6 $1 {[%c_effect h6;square;h6;type;GreatFind;persistent;true] is more accurate.} ) 23.Qf1 $5 {[%c_effect f1;square;f1;type;Interesting;persistent;true] Most chess players would be thinking of using the queen in the attack and in sacrifices like 23.f5, but Erigaisi is now starting a deep plan to gain the advantage on the other side of the board.} 23...c3 24.bxc3 $1 {[%c_effect c3;square;c3;type;GreatFind;persistent;true] This is the point.} ( 24.b3 Nh6 {Black has counterplay.} ) 24...Nh6 $5 {[%c_effect h6;square;h6;type;Interesting;persistent;true] In his typical style, Vachier-Lagrave sacrifices material.} ( 24...bxc3 25.Ka1 Nh6 26.Qc4 ( 26.Bxh6 Bxh6 {and the f4-pawn is threatened.} ) 26...Nf5 27.Qxc3 {The position looks much better for White, but the computer evaluates it as equal after} 27...Bh6 ) 25.Bxh6 $1 {[%c_effect h6;square;h6;type;GreatFind;persistent;true] Now this capture is the best, preventing the knight from reaching f5.} 25...Bxh6 26.c4 Bxf4 27.Ne4 ( 27.Qd3 a4 {with a complicated position. I prefer White, but the computer still thinks it's even.} ) 27...c5 $2 {[%c_effect c5;square;c5;type;Mistake;persistent;true] This move is a serious mistake and the reason for Black's defeat.} ( 27...a4 28.Qd3 Qc7 {And Black will try to counterplay with Rfb8 followed by b4. Anything can happen.} ) 28.Qd3 $1 {[%c_effect d3;square;d3;type;GreatFind;persistent;true] Black's position collapses.} ( 28.Nxc5 $6 Bxe5 $1 ) 28...Qc7 ( 28...cxd4 $2 {[%c_effect d4;square;d4;type;Mistake;persistent;true] leads to mate after} 29.Nf6+ Kh8 ( 29...Kh6 30.Qxd4 {and the bishop has no salvation.} ) 30.Rxg6 $1 fxg6 31.Qxg6 Rxf6 32.Qxf6+ Kh7 33.Qf7+ Kh6 ( 33...Kh8 34.Qxh5+ Kg7 35.Rg1+ ) 34.Qxf4+ ) 29.Nf6+ Kh8 30.Qe4 $1 Bh6 31.dxc5 ( 31.d5 {is tempting and also wins.} 31...exd5 32.Rxd5 {with total domination.} ( 32.cxd5 {is also good enough.} ) ) 31...Rad8 ( 31...Qxc5 {This is an important move.} 32.Rxg6 $1 {[%c_effect g6;square;g6;type;GreatFind;persistent;true] Much better than playing to win the exchange.} ( 32.Nd7 $2 Qa7 33.Nxf8 Bxf8 {with compensation.} ) 32...fxg6 33.Qxg6 Rxf6 34.exf6 Qe3 {Here Erigaisi would have to pass a test of fire, as there is only one winning move and it's not an easy one to find.} 35.f4 $3 {[%c_effect f4;square;f4;type;Brilliant;persistent;true] It's essential to divert the black queen from the e3-square.} ( 35.Rg1 $2 {[%c_effect g1;square;g1;type;Mistake;persistent;true] Against this move Black arrives with his counterplay in time.} 35...b3 $1 36.axb3 Rb8 37.f7 Rxb3+ 38.cxb3 Qxb3+ 39.Ka1 Qa3+ ) 35...Qxf4 36.Rg1 {There's no defense against 37.f7.} 36...Qe3 ( 36...Rf8 37.f7 $1 Qxf7 ( 37...Rxf7 38.Qg8# ) 38.Qxh6+ Qh7 39.Qxf8+ ) 37.f7 Qxg1+ 38.Qxg1 {with an easy win.} ) 32.c6 Bg7 33.Nd7 Rfe8 34.Rd6 {Black is completely paralyzed. Both players only had seconds on the clock, but Erigaisi never loses control of the position, always choosing solid moves.} 34...Rc8 35.c5 Qa7 36.f4 a4 37.Nb6 b3 {Desperately trying some activity.} 38.Qxa4 bxa2+ 39.Qxa2 Qe7 40.Rg5 ( 40.Nxc8 {is enough.} 40...Rxc8 41.Qa6 Rb8+ 42.Ka2 ) 40...Rc7 41.Qc4 Rb8 42.c3 $5 {[%c_effect c3;square;c3;type;Interesting;persistent;true] Opening the path for the king.} 42...Qe8 43.Qe4 Bf8 44.Kc2 Ra7 ( 44...Bxd6 45.exd6 Rxc6 46.d7 {White wins material.} ) 45.Rg1 Be7 46.Rh1 Bd8 47.Qd4 Rc7 48.Qa4 Qe7 49.Nd7 Rbc8 50.Nf6 Qf8 51.Rb1 Be7 52.Rb6 Ra8 53.Ra6 Rac8 54.Kd3 {It's very rare to see a player like Vachier-Lagrave without an active plan, while his opponent calmly improves his position. That says a lot about Erigaisi's current level of play.} 54...Kg7 55.Ke2 Rb8 56.Kf3 Qc8 57.Nd7 Bxh4 ( 57...Bxd6 58.Nxb8 {The simplest.} 58...Bxc5 59.Nd7 Be7 60.Ra8 {winning the queen.} ) 58.Nxb8 {It's finally time to reap the rewards.} 58...Qxb8 59.Rb6 Qh8 60.Rb7 Bd8 61.Qa8 h4 62.Rxd8 1-0